 Dungeon Crawl Stone Soup version 0.17.2-1-ge4368a0 (webtiles) character file.

45 Goblin1989 the Insei (level 3, 0/23 HPs)
             Began as an Octopode Transmuter on Sept 27, 2016.
             Succumbed to an adder's poison
             ... on level 2 of the Dungeon.
             The game lasted 00:03:54 (1448 turns).

Goblin1989 the Insei (Octopode Transmuter)          Turns: 1448, Time: 00:03:54

Health: 0/23       AC:  1    Str: 14    XL:     3   Next: 64%
Magic:  2/6        EV: 12    Int: 16    God:
Gold:   105        SH:  0    Dex: 12    Spells: 2 memorised, 3 levels left

rFire  . . .     SeeInvis .       - Unarmed
rCold  . . .     Clarity  .     (no shield)
rNeg   . . .     SustAt   .     (helmet restricted)
rPois  .         Gourm    .     (no amulet)
rElec  .         Spirit   .     (no ring)
rCorr  .         Warding  .     (no ring)
rMut   .         Stasis   .     (no ring)
MR     .....                    (no ring)
Stlth  ++........               (no ring)
                                (no ring)
                                (no ring)
                                (no ring)

@: mighty, lethally poisoned (0 -> -14), very slightly contaminated, not
resistant to hostile enchantments, unstealthy
A: almost no armour, amphibious, 8 rings, constrict 8, camouflage 1, gelatinous
body 1
a: no special abilities


You were on level 2 of the Dungeon.
You were not hungry.

You visited 1 branch of the dungeon, and saw 2 of its levels.

You collected 105 gold pieces.

Inventory:

Missiles
 a - 46 arrows (quivered)
Jewellery
 h - an uncursed ring of protection from fire {unknown}
Scrolls
 g - 2 scrolls of identify {unknown}
 i - a scroll of enchant armour {unknown}
Potions
 e - a potion of might
 f - a potion of cancellation
Books
 b - a book of Changes

   Spells                             Type                      Level
   a - Beastly Appendage              Transmutation                1
   b - Sticks to Snakes               Transmutation                2
   c - Spider Form                    Transmutation/Poison         3
   d - Ice Form                       Ice/Transmutation            4
   e - Blade Hands                    Transmutation                5
Comestibles
 c - 2 bread rations


   Skills:
 - Level 1.0 Fighting
 - Level 2.0 Dodging
 + Level 4.5 Unarmed Combat
 - Level 2.0 Spellcasting
 - Level 2.0 Transmutations


You had 3 spell levels left.
You knew the following spells:

 Your Spells              Type           Power        Failure   Level  Hunger
a - Beastly Appendage     Trmt           #.....       10%         1    #......
b - Sticks to Snakes      Trmt           #.........   14%         2    ###....


Dungeon Overview and Level Annotations

Branches:
Dungeon (2/15)

Altars:
Kikubaaqudgha


Innate Abilities, Weirdness & Mutations

You cannot wear most types of armour.
You are amphibious.
You can wear up to eight rings at the same time.
You can use your tentacles to constrict eight enemies at once.
Your skin changes colour to match your surroundings (Stealth).
Your rubbery body absorbs attacks (AC +1).


Message History

You miscast Sticks to Snakes.
You are very lightly contaminated with residual magic.
Nothing appears to happen.
The hobgoblin shouts!
You feel sick. The adder bites you but does no damage.
The hobgoblin misses you.
Casting: Sticks to Snakes
Confirm with . or Enter, or press ? or * to list all spells.
You create a snake!
You feel sick. The adder barely misses you. The hobgoblin hits you with a club.
You tentacle-slap the hobgoblin.
You kill the hobgoblin!
You feel sick. The adder bites you.
* * * LOW HITPOINT WARNING * * *
The adder bites you.
* * * LOW HITPOINT WARNING * * *
* * * LOW HITPOINT WARNING * * *
You feel sick.
Your adder bites the adder.
The adder barely misses your adder.
You barely miss the kobold. Your grab misses the kobold.
You die... ਜਜ.ਜ ਜਜਜਜਜਜ

ਜ...ਜਜ....ਜ
ਜ.Ψ.....⌂.ਜ
....g≈..≈.ਜ
...≈≈≈≈≈..ਜ..ਜ
...≈≈≈...ਜਜ..ਜ
$..≈≈≈≈)Sਜਜ..ਜ
...≈≈≈.KS.ਜ..ਜ
...≈≈..@Ψ....ਜ
..ਜ..........ਜ .
ਜਜਜਜਜ...†..ਜ
ਜਜ.†..).ਜ
ਜ.........ਜਜਜਜਜ..
ਜ.ਜਜ......ਜ.....ਜ
.. ਜ........ਜ ਜ.
ਜਜਜਜਜਜਜ..ਜਜਜਜ .
ਜ......ਜਜਜ


You could see an adder, a hobgoblin, a kobold and a friendly adder.

Vanquished Creatures
  2 giant geckos (D:1)
  7 bats
  A giant cockroach (D:1)
  5 hobgoblins
  2 giant newts
  6 goblins (D:1)
  6 kobolds
  6 rats
35 creatures vanquished.

Vanquished Creatures (collateral kills)
  An adder (D:2)
  A giant gecko (D:2)
  A giant cockroach (D:2)
  A giant newt (D:2)
  A rat (D:2)
5 creatures vanquished.

Grand Total: 40 creatures vanquished

Notes
Turn   | Place    | Note
--------------------------------------------------------------
     0 | D:1      | Goblin1989 the Octopode Transmuter began the quest for the Orb.
     0 | D:1      | Reached XP level 1. HP: 13/13 MP: 3/3
   393 | D:1      | Reached XP level 2. HP: 16/18 MP: 5/5
   627 | D:1      | Learned a level 2 spell: Sticks to Snakes
   737 | D:1      | Reached skill level 4 in Unarmed Combat
   775 | D:1      | Reached XP level 3. HP: 16/23 MP: 6/6
  1431 | D:2      | Found an ancient bone altar of Kikubaaqudgha.
  1447 | D:2      | HP: 1/23 [poisoned by an adder]
  1448 | D:2      | Succumbed to an adder's poison

Action                   || total
-------------------------++-------
Melee: Unarmed           ||    78
 Cast: Sticks to Snakes  ||     3
  Use: Potion            ||     3
 Stab: Sleeping          ||     4
  Eat: Chunk             ||     2

Vault maps used:
D:1:      dpeg_arrival_rooms_a, minmay_box_of_dots
D:2:      kiku_gazebo_pond_becter, first_bread, minmay_misc_feat_rows
